AoeStats
← NPG | gab

Pilgrims

509755822Analyzed
2v2 RM · 5d ago on Sep 27, 2026· 80m 21s· 4 players
Game mode
Random Map
Map size
Medium (4 player)
Population
200
Speed
Normal
Resources
Standard
Victory
Conquest
Starting age
Dark Age
Ending age
Imperial Age
RankedLock teamsTeams togetherTeam positionsShared explorationLock speedFull tech treeHidden civsTurbo modeCheats
Victory
Defeat
🇺🇸 Danes · United States
1068
+13
🇺🇸 Persians · United States
1067
+13
🇦🇷 Malay · Argentina
1021
-13
🇦🇷 Lithuanians · Argentina
1003
-13
NPG | gab
3:18 Loom
11:52 Feudal Age
11:25 Fishing Lines
12:04 Double-Bit Axe
16:42 Castle Age
14:42 Fletching
15:37 Padded Archer Armor
16:37 Bodkin Arrow
17:28 Scale Barding Armor
20:06 Gillnets
21:10 Wheelbarrow
24:09 Wheelbarrow
30:23 Imperial Age
29:43 Forging
34:06 Conscription
34:30 Iron Casting
34:32 Horse Collar
35:16 Hand Cart
36:33 Blast Furnace
36:57 Bracer
39:21 Heavy Plow
39:40 Elite Battle Elephant
40:42 Husbandry
41:25 Bow Saw
43:58 Elite Karambit Warrior
46:07 Capped Ram
48:14 Forced Levy
50:48 Man-at-Arms
51:30 Squires
51:15 Arson
51:23 Long Swordsman
51:57 Two-Handed Swordsman
56:09 Thumb Ring
55:25 Crossbowman
56:27 Leather Archer Armor
57:54 Arbalester
58:58 Ballistics
59:39 Chemistry
59:15 Ring Archer Armor
61:09 Pikeman
61:49 Halberdier
MarionChip
6:57 Loom
10:45 Feudal Age
11:44 Double-Bit Axe
23:02 Castle Age
20:47 Horse Collar
24:29 Scale Barding Armor
24:34 Forging
25:13 Bloodlines
26:23 Husbandry
34:06 Wheelbarrow
38:58 Chain Barding Armor
39:14 Iron Casting
38:29 Fletching
46:27 Imperial Age
44:15 Hand Cart
46:36 Imperial Age
44:57 Sanctity
44:51 Fervor
47:29 Cavalier
48:49 Plate Barding Armor
51:52 Hill Forts
52:29 Hoardings
54:12 Paladin
76:00 Pikeman
76:40 Squires
76:42 Bodkin Arrow
76:51 Scale Mail Armor
80:41 Conscription
GJBrannock
8:30 Loom
11:45 Feudal Age
13:37 Wheelbarrow
12:54 Fishing Lines
15:27 Double-Bit Axe
17:26 Gold Mining
22:02 Bloodlines
21:44 Town Watch
24:39 Castle Age
24:21 Scale Barding Armor
24:26 Forging
29:52 Husbandry
33:24 Gillnets
33:45 Medium Warships
35:13 Hand Cart
36:16 Iron Casting
36:01 Chain Barding Armor
39:17 Ballistics
39:08 Masonry
40:42 Bow Saw
41:05 Herbal Medicine
45:09 Gold Shaft Mining
46:47 Clinker Construction
51:23 Horse Collar
55:36 Imperial Age
53:44 Heavy Plow
55:28 Murder Holes
55:39 Town Patrol
55:56 Cavalier
57:39 Plate Barding Armor
58:04 Blast Furnace
57:28 Conscription
57:22 Stone Mining
57:53 Kamandaran
58:09 Savar
61:05 Fletching
61:17 Padded Archer Armor
The Gobbler
10:14 Loom
12:03 Feudal Age
13:10 Man-at-Arms
16:58 Castle Age
15:37 Arson
17:03 Fletching
17:55 Gambesons
17:39 Elite Skirmisher
27:38 Squires
28:20 Gambesons
31:04 Hamask
32:17 Scale Mail Armor
33:38 Wheelbarrow
34:55 Forging
35:55 Chain Mail Armor
37:51 Horse Collar
38:03 Double-Bit Axe
40:10 Iron Casting
42:11 Thumb Ring
46:13 Imperial Age
44:02 Bodkin Arrow
44:52 Heavy Plow
45:11 Bow Saw
45:10 Padded Archer Armor
49:07 Blast Furnace
49:45 Hand Cart
52:36 Elite Varangian Guard
53:50 Plate Mail Armor
53:37 Leather Archer Armor
54:41 Conscription
53:59 Long Swordsman
54:39 Northmen's Fury
54:48 Two-Handed Swordsman
58:23 Champion
67:24 Chemistry
67:38 Murder Holes
69:07 Onager
71:26 Ballistics
75:07 Bracer
75:38 Ring Archer Armor
75:01 Town Watch
Connection lost

Rejoining the realm…

Still unreachable

The connection could not be restored.

Session expired

The server has moved on; the page needs a fresh start.